[Event "MPL 41st IND-ch Teams 2022"]
[Site "Jalgaon"]
[Date "2022.04.11"]
[Round "6.7"]
[White "Srikanth, K.."]
[Black "Swapnil, S. Dhopade"]
[Result "0-1"]
[ECO "B10"]
[WhiteElo "1877"]
[BlackElo "2495"]
[Annotator "TA"]
[PlyCount "114"]
[EventDate "2022.04.08"]
[EventType "team-tourn"]
[EventCountry "IND"]
[SourceTitle "playchess.com"]
[Source "ChessBase"]
[SourceQuality "1"]
[TimeControl "5400+30"]

1. e4 c6 2. Nc3 d5 3. f4 dxe4 4. Nxe4 Nf6 5. Nf2 g6 6. Nf3 {B11: Caro-Kann: Two Knights Variation.} Bg7 7. Bc4 O-O 8. d4 {The position is equal.} c5 9. dxc5 Qa5+ 10. Bd2 Qxc5 11. Qe2 Nc6 12. Be3 Qa5+ {[#]} 13. c3 $146 ({Predecessor:} 13. Bd2 Qb6 14. Bc3 Nh5 15. g3 Bxc3+ 16. bxc3 Qb2 17. O-O Qxc3 18. Ne4 Qg7 19. Qe3 {0-1 (44) Euler,G (2301)-Poetsch,H (2513) Wiesbaden 2018}) 13... Qc7 14. O-O Na5 15. Ne5 (15. Bd3 $11 {remains equal.}) 15... Nxc4 $17 16. Qxc4 Qxc4 17. Nxc4 Nd5 18. Bd2 b6 19. Ne5 Ba6 20. Rfe1 Rac8 21. Rad1 Rfd8 22. Bc1 b5 23. a3 Bb7 24. Ne4 a5 25. Nd3 Ba8 {[%cal Ob5b4] Black continues to play with concentration.} 26. Nec5 e6 27. Kf1 Bf8 28. Nb3 b4 29. c4 (29. cxb4 $17 {was necessary.} axb4 30. axb4) 29... Rxc4 $19 30. Nxa5 Rcc8 {[#] Strongly threatening ...bxa3.} 31. a4 Nb6 32. b3 Rd5 33. Be3 {[#]} Nxa4 34. Nc4 Nc3 35. Rd2 Rcd8 $36 {[%mdl 2048] Black has strong initiative.} 36. Nde5 Rxd2 37. Bxd2 Bd5 38. Be3 (38. Rc1 {keeps fighting.}) 38... f6 39. Ng4 Bxc4+ 40. bxc4 b3 {[%cal Bb4b3,Bb3b2][%mdl 32] And now ...b2 would win.} 41. Bc1 Kf7 42. Bb2 Bb4 43. Bxc3 (43. Nf2 $142) 43... Bxc3 {[%mdl 4096] Endgame KRB-KRN} 44. Rb1 b2 {...Ra8 is the strong threat.} 45. Nf2 Rd4 46. Nd1 Rxf4+ 47. Ke2 Be5 ({Weaker is} 47... Rxc4 48. Kd3 Rh4 49. Nxc3 $11) 48. Nxb2 Bxb2 49. Rxb2 Rxc4 {KR-KR} 50. Rb7+ Kg8 51. Rb6 Re4+ 52. Kf3 f5 53. Rb7 h5 54. g3 h4 {Hoping for ...h3.} 55. Re7 Kf8 56. Rh7 g5 57. h3 $2 (57. Kg2) 57... Ra4 {Weighted Error Value: White=0.32/Black=0.09 (flawless)} 0-1

[Event "MPL 41st IND-ch Teams 2022"]
[Site "Jalgaon"]
[Date "2022.04.11"]
[Round "6.8"]
[White "Visakh N R"]
[Black "Jashanpreet Singh"]
[Result "1-0"]
[ECO "A56"]
[WhiteElo "2522"]
[BlackElo "1709"]
[Annotator "TA"]
[PlyCount "67"]
[EventDate "2022.04.08"]
[EventType "team-tourn"]
[EventCountry "IND"]
[SourceTitle "playchess.com"]
[Source "ChessBase"]
[SourceQuality "1"]
[TimeControl "5400+30"]

1. d4 Nf6 2. c4 c5 3. d5 e5 4. Nc3 d6 5. e4 Be7 6. Bd3 O-O 7. Nge2 Ne8 8. O-O f5 {A56: Czech Benoni.} (8... Bg5 $142) 9. exf5 ({White should play} 9. f4) 9... Bxf5 $16 {[#]} 10. Bxf5 $146 ({Predecessor:} 10. f4 Bxd3 11. Qxd3 Nd7 12. Be3 Nc7 13. Rad1 b6 14. a3 Bf6 15. b4 exf4 16. Bxf4 {1-0 (29) Khemoudj,F-Morrey,P London 1994}) 10... Rxf5 {White is better.} 11. f4 Nd7 12. Ng3 Rf8 13. Nge4 Bf6 {[#]} 14. f5 $1 Be7 15. Qd3 Nc7 16. Qg3 Kh8 (16... Nf6 $16 17. Ng5 (17. Bh6 Nce8 $14) 17... a6) 17. Bg5 Nf6 18. Be3 (18. Bxf6 $16 Bxf6 19. Qg4) 18... Nxe4 $14 19. Nxe4 Qd7 20. Bg5 Bf6 ({Black should try} 20... Bxg5 21. Nxg5 (21. Qxg5 Ne8 $14) 21... b5) 21. Rf3 Ne8 22. Qh4 (22. a4 $142) 22... b5 $16 23. b3 {0x0.0023204fde27dp-1022s more active pieces.} bxc4 24. bxc4 Rb8 25. Raf1 $40 {[%mdl 128] White goes for the king.} Bxg5 $2 {Black cannot hold the game after this.} (25... Qe7 $16) 26. Nxg5 $18 {[%csl Gg5][%cal Rh4h7] [#]} ({Stronger than} 26. Qxg5 Nf6 27. Nxf6 Rxf6 $11) 26... Nf6 (26... h6 $142 27. Ne6 Rf6) 27. Ne6 {aiming for g4.} Rf7 $2 (27... Qa4 28. Rb3 (28. Nxf8 Rxf8 29. Rc1 Qxa2 $16) 28... Kg8) 28. g4 Rb4 (28... Qa4 $142 29. Ng5 Kg8 30. Nxf7 Qxc4 31. Nxd6 Qd4+ 32. Kh1 h6) 29. g5 e4 30. Rg3 Rxc4 31. gxf6 {White mates.} gxf6 32. Kh1 Rb4 33. Rfg1 Rb8 34. Qh6 {Weighted Error Value: White=0.19 (very precise) /Black=0.71} 1-0

[Event "MPL 41st IND-ch Teams 2022"]
[Site "Jalgaon"]
[Date "2022.04.12"]
[Round "7.1"]
[White "Arun Kataria"]
[Black "Aravindh, Chithambaram VR."]
[Result "1/2-1/2"]
[ECO "B43"]
[WhiteElo "1629"]
[BlackElo "2611"]
[Annotator "RC"]
[PlyCount "115"]
[EventDate "2022.04.08"]
[EventType "team-tourn"]
[EventCountry "IND"]
[SourceTitle "playchess.com"]
[Source "ChessBase"]
[SourceQuality "1"]
[TimeControl "5400+30"]

1. e4 c5 2. Nf3 e6 3. d4 cxd4 4. Nxd4 a6 5. Nc3 b5 6. Be3 Bb7 7. f3 Qc7 8. Be2 Nf6 9. Qd2 b4 10. Na4 d5 11. e5 Nfd7 12. f4 Nc6 13. b3 Rc8 14. Nf3 Ncb8 15. Nd4 Nc5 16. Nxc5 Bxc5 17. O-O Nc6 18. Nxc6 Qxc6 19. Bxc5 Qxc5+ 20. Kh1 Qxc2 21. Qxb4 Qxe2 22. Qxb7 O-O 23. Rfe1 Qd3 24. Rad1 Qf5 25. Qxa6 Qxf4 26. Qe2 g6 27. h3 Rc7 28. Qd2 Qg3 29. Rc1 Rfc8 30. Rxc7 Rxc7 31. Qe3 Qh4 32. Rf1 d4 33. Qf3 Rd7 34. Rd1 Qg5 35. Qe4 Qd8 36. Rd3 Qb6 37. a3 Rd5 38. Qf4 Qc5 39. b4 Qc4 40. Qe4 h5 41. Kh2 Kg7 42. Kh1 Kf8 43. Rf3 Kg8 44. Rd3 Kh7 45. Kh2 Kg7 46. Kh1 Kf8 47. Rf3 Qc1+ 48. Kh2 Qc7 49. Qxg6 Qxe5+ 50. Kh1 Rd7 51. Qd3 f5 52. Qd2 Kf7 53. a4 Rc7 54. a5 Qe4 55. Qh6 Qe1+ 56. Kh2 Qe5+ 57. Kh1 Qe1+ 58. Kh2 1/2-1/2

[Event "MPL 41st IND-ch Teams 2022"]
[Site "Jalgaon"]
[Date "2022.04.12"]
[Round "7.2"]
[White "Harsha Bharathakoti"]
[Black "Chandrajeet Singh Rajawat"]
[Result "1-0"]
[ECO "A05"]
[WhiteElo "2499"]
[BlackElo "1789"]
[Annotator "TA"]
[PlyCount "55"]
[EventDate "2022.04.08"]
[EventType "team-tourn"]
[EventCountry "IND"]
[SourceTitle "playchess.com"]
[Source "ChessBase"]
[SourceQuality "1"]
[TimeControl "5400+30"]

1. Nf3 Nf6 2. b3 g6 3. Bb2 Bg7 4. e3 c5 5. c4 O-O 6. Be2 b6 7. O-O Bb7 8. Nc3 Nc6 9. d4 cxd4 10. Nxd4 Nxd4 11. Qxd4 Ne4 {A35: Symmetrical English: 2 Nc3 Nc6 3 Nf3.} 12. Qd3 Nxc3 13. Bxc3 Bxc3 {The position is equal.} 14. Qxc3 d5 15. Rfd1 {[%cal Bf1d1,Bd1d7,Bd7c7][%mdl 32] [#]} Qc8 $146 (15... Qc7 $11) ({Predecessor:} 15... Qc7 16. Rac1 Rac8 17. Qd2 Qe5 18. Bf3 e6 19. Qd4 Qc7 20. Qd2 dxc4 21. Rxc4 Qe7 22. Rxc8 Rxc8 23. Bxb7 Qxb7 {0-1 (45) Ager,J (2090)-Dimitriadis,M (2028) Pinkafeld 2015}) 16. Qe5 $16 dxc4 17. Rac1 e6 ({Black should try} 17... Qe6 $14 18. Qxe6 fxe6) 18. Rxc4 Qb8 19. Rc7 $36 {[%mdl 2048] [#] Threatens to win with h4. White has strong initiative. &Bianco is much more active. The black rooks are badly placed.} Rc8 $2 (19... a5 $16) 20. Rdd7 $18 Rxc7 21. Rxc7 {aiming for Qf4.} Bd5 22. e4 Bc6 {[#]} 23. h4 $1 Be8 (23... h6 $142 24. Bg4 Bd7) 24. h5 {White wants to mate with h6. White is clearly winning.} gxh5 25. Bxh5 Qd8 26. Qf4 Qd4 27. Bxf7+ Kh8 28. Bxe8 {Black got outplayed after the opening.  Weighted Error Value: White=0.00 (flawless) /Black=0.56} 1-0

[Event "MPL 41st IND-ch Teams 2022"]
[Site "Jalgaon"]
[Date "2022.04.12"]
[Round "7.3"]
[White "Bharadia Yash"]
[Black "Sankalp Gupta"]
[Result "0-1"]
[ECO "C70"]
[WhiteElo "1607"]
[BlackElo "2536"]
[Annotator "TA"]
[PlyCount "66"]
[EventDate "2022.04.08"]
[EventType "team-tourn"]
[EventCountry "IND"]
[SourceTitle "playchess.com"]
[Source "ChessBase"]
[SourceQuality "1"]
[TimeControl "5400+30"]

1. e4 e5 2. Nf3 Nc6 3. Bb5 a6 4. Ba4 f5 5. d3 fxe4 6. dxe4 Nf6 7. O-O d6 {[%emt 0:00:05] C70: Ruy Lopez: 3...a6 4 Ba4, Norwegian and Delayed Schliemann.} (7... Nxe4 8. Qe2 Nf6 9. Bxc6 (9. Nxe5 Nxe5 10. Qxe5+ Be7 $14) 9... dxc6 10. Nxe5 $16) 8. Nc3 Be7 9. h3 b5 {[%emt 0:06:53] The position is equal.} 10. Bb3 Na5 $1 11. Bg5 {[%emt 0:08:55] [#]} c6 $146 ({Predecessor:} 11... Nxb3 12. axb3 Be6 13. Qe2 O-O 14. Rfd1 Qe8 15. Ra5 Nh5 16. Be3 Qg6 17. Nd5 Bd8 {0-1 (54) Alboredo,J (1970)-Cristobal,M (2268) Sao Paulo 2015}) 12. Qd3 Nxb3 13. axb3 O-O 14. Rfd1 Qe8 15. Nh2 (15. Ne2 $11) 15... Qg6 16. Bxf6 (16. Bh4 $11) 16... Qxf6 17. Rf1 Qg6 18. Ne2 d5 19. Ng3 d4 20. Nf3 Qf6 21. Nd2 c5 22. Kh2 Rb8 23. Ne2 Rb6 24. Ng3 Qf4 25. Kg1 Rg6 {[%emt 0:00:42] &Nero is more active.} 26. Nf5 Bd8 ({Weaker is} 26... Bxf5 27. exf5 Rxf5 28. g3 $17) (26... Rxf5 $142 27. exf5 Bxf5) 27. Ng3 (27. g3 $17) 27... Bc7 ({Black should play} 27... h5 $19 {Hoping for ...h4.} 28. Nf5 h4) 28. Kh1 Rh6 {[%emt 0:00:52][%cal Oc8h3] Threatens to win with ...Bxh3!} 29. c4 $2 {[%emt 0:00:38][%mdl 8192] [#] White does not recover from this.} (29. Kg1 $17) 29... Bxh3 $1 $19 {[%emt 0:02:24][%mdl 512] And now ...Qh4 would win.} 30. gxh3 (30. Rxa6 bxc4) 30... Qg4 $1 31. Kg1 Qxh3 {[%emt 0:00:32][%csl Gh6][%cal Rh3h2] Black mates.} 32. Nf3 {[%emt 0:00:08] [#]} Rxf3 $1 {[%emt 0:00:06][%mdl 576] Remove Defender} 33. Qxf3 (33. Rfd1 Qh2+) 33... Qh2# {[%emt 0:00:04] Weighted Error Value: White=0.61/Black=0.08 (flawless)} 0-1

[Event "MPL 41st IND-ch Teams 2022"]
[Site "Jalgaon"]
[Date "2022.04.12"]
[Round "7.4"]
[White "Raja Rithvik R"]
[Black "Mandloi, Mukesh"]
[Result "1-0"]
[ECO "A38"]
[WhiteElo "2490"]
[BlackElo "1749"]
[Annotator "TA"]
[PlyCount "62"]
[EventDate "2022.04.08"]
[EventType "team-tourn"]
[EventCountry "IND"]
[SourceTitle "playchess.com"]
[Source "ChessBase"]
[SourceQuality "1"]
[TimeControl "5400+30"]

1. c4 Nf6 2. Nc3 c5 3. Nf3 Nc6 4. g3 g6 5. Bg2 Bg7 6. d4 cxd4 7. Nxd4 O-O 8. O-O d5 9. cxd5 Nxd5 10. Nxd5 Nxd4 11. Bg5 Nc6 12. Rc1 {[%emt 0:04:42][%cal Ba1c1,Bc1c6,Bc6c7,Bc7e7][%mdl 32] Strongly threatening Rxc6! D79: Fianchetto Grünfeld: Symmetrical Variation (6 0-0 c6 7 cxd5 cxd5).} h6 {[%emt 0:01:29] [#]} 13. Rxc6 $1 {[%emt 0:03:01] &Bianco is more active.} hxg5 14. Rc7 {[%emt 0:01:47] [#] White is slightly better.} Be5 $146 (14... Bxb2 $14 15. Qc2 (15. Nxe7+ Kg7 $16) 15... Bf6) ({Predecessor:} 14... Kh7 15. Rxe7 Be6 16. Rxb7 Rb8 17. Rxa7 Rxb2 18. Qd3 Qb8 19. Ra5 Rc8 {1-0 (68) Dilanyan,G (2296)-Kocharyan,H (2128) Yerevan 2016}) 15. Rxe7 $18 ({Resist} 15. Nxe7+ $6 Kg7 16. Rxc8 Qxe7 $16) 15... Bd6 16. Re3 {[%emt 0:03:53] And now Qd4 would win.} Be6 17. Rd3 Be5 {[%emt 0:00:13] [#]} 18. Nf4 $1 Qb6 (18... Qe8 19. Nxe6) 19. Nxe6 Qxe6 20. Bxb7 Rab8 21. Bd5 Qh3 (21... Qf6 $142 22. b3 Rbd8) 22. Bg2 Qe6 23. b3 Kg7 24. Rd7 a5 25. Qd5 Rb6 (25... Qxd5 $16 26. Rxd5 Bc3) 26. Rd1 Bc3 27. Qxg5 Qe4 $2 (27... Bb4 28. Qc1 Rb5) 28. e3 $2 (28. Bxe4 {Intending Qe3 and mate.} Bb4 29. Bd5) 28... Qxe3 $2 (28... Qb4 $18 29. Bf1 Qe4) 29. Qc5 $4 Qe2 $4 (29... Qxc5 $19 30. Rf1 Re8) 30. Qxc3+ Rf6 31. Kh1 {[%emt 0:00:01] Hoping for R7d6.} Qxf2 {[%emt 0:00:50] Weighted Error Value: White=0.75/Black=0.70} 1-0

[Event "MPL 41st IND-ch Teams 2022"]
[Site "Jalgaon"]
[Date "2022.04.12"]
[Round "7.5"]
[White "Krishna C R G"]
[Black "Dony K V"]
[Result "1-0"]
[ECO "D11"]
[WhiteElo "2466"]
[BlackElo "1633"]
[Annotator "TA"]
[PlyCount "42"]
[EventDate "2022.04.08"]
[EventType "team-tourn"]
[EventCountry "IND"]
[SourceTitle "playchess.com"]
[Source "ChessBase"]
[SourceQuality "1"]
[TimeControl "5400+30"]

1. d4 Nf6 2. Nf3 d5 3. c4 c6 4. e3 g6 5. Nbd2 Bg7 6. b4 {[%emt 0:00:02] D70: Grünfeld: Unusual White 3rd moves (met by ...d5).} O-O 7. a4 a5 8. b5 {[%emt 0:00:07] White has an edge.} dxc4 9. Bxc4 cxb5 10. axb5 Nbd7 {[%emt 0:03:15] [#]} 11. Ba3 $146 ({Predecessor:} 11. Bb2 Nb6 12. Bb3 Bf5 13. O-O Bd3 14. Re1 Bxb5 15. e4 a4 16. Ba2 Rc8 17. Ba3 {1-0 (69) Ulanov,A (2463)-Tomaszewski,K (2347) Chess.com INT 2019}) 11... Nb6 12. Ba2 Nfd5 13. Qb3 Be6 {[%emt 0:00:00] [#] aiming for ...Rc8.} 14. Ng5 $1 Nf4 15. Nxe6 $16 Nxg2+ $2 {[%emt 0:00:30][%mdl 8192] This move loses the game for Black.} (15... Nxe6 $16 {is tougher.} 16. O-O Qd7) 16. Ke2 $18 ({Resist} 16. Kf1 Nxe3+ 17. Kg1 (17. fxe3 fxe6+ 18. Kg2 Nd5 $18) 17... a4 $18) 16... fxe6 17. Qxe6+ {[%emt 0:00:30] White is clearly winning.} Kh8 18. Bxe7 {[%emt 0:18:12] Active counter play!} Nf4+ 19. exf4 Qxd4 20. Bxf8 Rxf8 21. Rac1 Rxf4 {[%emt 0:00:30] Weighted Error Value: White=0.03 (flawless) /Black=0.63} 1-0

[Event "MPL 41st IND-ch Teams 2022"]
[Site "Jalgaon"]
[Date "2022.04.12"]
[Round "7.6"]
[White "Jithin K"]
[Black "Das, Sayantan"]
[Result "0-1"]
[ECO "E62"]
[WhiteElo "1597"]
[BlackElo "2459"]
[Annotator "TA"]
[PlyCount "50"]
[EventDate "2022.04.08"]
[EventType "team-tourn"]
[EventCountry "IND"]
[SourceTitle "playchess.com"]
[Source "ChessBase"]
[SourceQuality "1"]
[TimeControl "5400+30"]

1. d4 Nf6 2. c4 g6 3. Nc3 Bg7 4. g3 O-O 5. Bg2 d6 6. Nf3 Nc6 7. O-O Bg4 8. h3 Bxf3 9. Bxf3 Nd7 10. e3 e5 11. Bxc6 bxc6 12. b3 {[#] E62: King's Indian: Fianchetto: 6...c6 and Panno Variation (6...Nc6) without ...a6.} c5 $146 ({Predecessor:} 12... Qf6 13. dxe5 Nxe5 14. Bb2 Rab8 15. Rb1 Qf3 16. Na4 Qf5 17. Bxe5 Bxe5 18. Kh2 h5 19. h4 Rfe8 {0-1 (57) Vul,A (2253)-Nigmatov,O (2478) Tashkent 2019}) 13. Bb2 $2 (13. dxc5 $11 e4 14. Qc2) 13... exd4 14. exd4 {Black is clearly better.} cxd4 ({And not} 14... Bxd4 15. Qd2 $17) 15. Nb5 c5 16. Nxd6 Qb6 ({Black should play} 16... Nf6 $19 17. Nb5 a6) 17. Ne4 $17 Rae8 18. Re1 (18. Nd2 $17 {might work better.}) 18... Qc6 $1 $19 19. Ng5 Qb6 ({Better is} 19... Ne5 $1 $19 {Threatens to win with ...h6.} 20. Bc1 h6) 20. Ne4 $1 $17 Qc6 (20... f5 $17 21. Nd2 Rxe1+ 22. Qxe1 Ne5) 21. Ng5 $19 {[#]} Rxe1+ (21... Ne5 $1 $19 {and Black stays clearly on top. Hoping for ...h6.} 22. Bc1 h6) 22. Qxe1 $17 h6 $36 {[%mdl 2048] Black is on the roll.} 23. Qe4 {[#]} Qc8 24. Nxf7 $2 Rxf7 $19 25. Qxg6 (25. Kg2 $142) 25... Ne5 {[%csl LRg6,LRh3] Weighted Error Value: White=0.77/Black=0.51} 0-1

[Event "MPL 41st IND-ch Teams 2022"]
[Site "Jalgaon"]
[Date "2022.04.12"]
[Round "7.7"]
[White "Laxman, R.R."]
[Black "Jashanpreet Singh"]
[Result "1-0"]
[ECO "A48"]
[WhiteElo "2429"]
[BlackElo "1709"]
[Annotator "TA"]
[PlyCount "67"]
[EventDate "2022.04.08"]
[EventType "team-tourn"]
[EventCountry "IND"]
[SourceTitle "playchess.com"]
[Source "ChessBase"]
[SourceQuality "1"]
[TimeControl "5400+30"]

1. d4 Nf6 2. Nf3 g6 3. c4 Bg7 4. Nc3 O-O 5. Bg5 d6 6. e3 c5 7. Be2 {7.d5 is more advanced technology.} Nc6 8. d5 Ne5 {E61: King's Indian: Early deviations for White, including Smyslov System.} 9. Nxe5 dxe5 10. e4 Ne8 {White is better.} 11. O-O f5 {[#]} 12. f3 $146 {&Bianco is more active.} ({Predecessor:} 12. exf5 gxf5 13. f3 Nd6 14. Bd3 Kh8 15. Kh1 Bf6 16. Bxf6+ exf6 17. a4 Bd7 18. Nb5 {1-0 (42) Coyne,D (2317)-Harvey,D (2333) ICCF email 2017}) 12... Nd6 13. Bd3 f4 14. Bh4 b6 15. a3 g5 (15... Bd7 $14) 16. Bf2 ({Better is} 16. Bxg5 $16 Bd7 17. Qe1) 16... Rf6 $14 17. b4 Rg6 18. Kh1 g4 19. fxg4 Bxg4 20. Be2 Qd7 21. Bxg4 Rxg4 22. bxc5 bxc5 23. Bxc5 Nxc4 $2 {[%mdl 8192] A mistake that costs the game.} (23... Rc8 $14 24. Bxd6 exd6) 24. d6 $1 $18 {[%cal Bd5d6,Bd6e7][%mdl 32] aiming for Qd5+.} Qe6 (24... Rc8 $142 25. Qd5+ Kh8 26. dxe7 (26. Qxc4 exd6 27. Rad1 Rg6 $11) 26... Qe8 27. Qxc4 Qxe7 28. Bxe7 Rxc4) 25. dxe7 {Black must now prevent Qd8+.} Rc8 {[#]} 26. Nd5 $1 Kf7 27. Bf2 Nd6 28. Qf3 (28. Bxa7 $6 Rg6 29. Qe2 Bf6 $18) 28... Bf6 29. Rac1 (29. Bxa7 Rg6 30. Rad1 (30. Qh5 Bxe7 31. Rab1 Qg4 $16) 30... Bxe7 $18) 29... Bxe7 30. Bc5 (30. Bxa7 Rg6 31. Rxc8 Qxc8 $18) 30... Rgg8 31. g3 {Really sharp!} (31. Bxa7 $6 Qg4) (31. Qh5+ $6 Qg6 32. Qe2 Rge8) 31... Qg4 {[#]} (31... Rxc5 32. Rxc5 Nxe4 33. Qh5+ (33. Qxe4 Bxc5 34. gxf4 Qh3 $14) (33. gxf4 $2 Ng3+ 34. Qxg3 Rxg3 $19) 33... Rg6) 32. Qxg4 {White is clearly winning.} Rxg4 33. Nxe7 Nxe4 34. Nxc8 {Weighted Error Value: White=0.39/Black=0.53} 1-0

[Event "MPL 41st IND-ch Teams 2022"]
[Site "Jalgaon"]
[Date "2022.04.12"]
[Round "7.8"]
[White "Raghvendra Kumar Mishra"]
[Black "Thejkumar, M. S."]
[Result "0-1"]
[ECO "B13"]
[WhiteElo "1605"]
[BlackElo "2433"]
[Annotator "TA"]
[PlyCount "46"]
[EventDate "2022.04.08"]
[EventType "team-tourn"]
[EventCountry "IND"]
[SourceTitle "playchess.com"]
[Source "ChessBase"]
[SourceQuality "1"]
[TimeControl "5400+30"]

1. e4 c6 2. d4 d5 3. exd5 cxd5 4. Bd3 Nf6 5. Ne2 Nc6 6. c3 g6 7. h3 {B13: Caro-Kann: Exchange Variation and Panov-Botvinnik Attack.} Bg7 8. Nd2 e5 9. dxe5 {The position is equal.} Nxe5 10. Bc2 O-O 11. O-O b6 {[#]} 12. Nd4 $146 ({Predecessor:} 12. Nb3 Ba6 13. Re1 Re8 14. Bg5 h6 15. Bh4 g5 16. Bg3 Ne4 17. Bxe5 Rxe5 18. Ned4 {½-½ (33) Manu,D (2040)-Lorentz,N (2220) Eforie Nord 1999}) 12... Re8 13. Re1 Bb7 14. Nf1 Ne4 15. Ng3 Qh4 16. Nxe4 dxe4 17. Be3 Rad8 {[%cal Oe5f3] White must now prevent ...Nf3+!} 18. Qe2 {[#] Prevents Nf3+. White does not recover from this.} ({White should play} 18. Bb3 $1 $15) 18... Nf3+ $1 $19 19. gxf3 $2 (19. Kh1) 19... exf3 20. Qf1 Bxd4 {[%mdl 64] Remove Defender} 21. Bxd4 {[#]} Ba6 $1 22. Bd3 (22. c4 Bc8) 22... Bxd3 23. Qxd3 Qg5+ {Weighted Error Value: White=0.83/Black=0.01 (flawless)} 0-1

[Event "MPL 41st IND-ch Teams 2022"]
[Site "Jalgaon"]
[Date "2022.04.12"]
[Round "8.1"]
[White "Sharma, Dinesh K."]
[Black "Vignesh B"]
[Result "*"]
[ECO "B95"]
[WhiteElo "2283"]
[BlackElo "2249"]
[Annotator "TA"]
[PlyCount "37"]
[EventDate "2022.04.08"]
[EventType "team-tourn"]
[EventCountry "IND"]
[SourceTitle "playchess.com"]
[Source "ChessBase"]
[SourceQuality "1"]
[TimeControl "5400+30"]

1. e4 c5 2. Nf3 d6 3. d4 cxd4 4. Nxd4 Nf6 5. Nc3 a6 6. Bg5 e6 {[%emt 0:00:10] [#]} {Predecessor:} 7. Qf3 $146 {B95: Sicilian Najdorf: 6 Bg5 e6, unusual White 7th moves.} Be7 8. O-O-O Qa5 9. h4 Bd7 10. Bc4 Nc6 11. Bb3 h6 12. Be3 Ne5 13. Qe2 Rc8 14. Kb1 b5 15. f4 Neg4 16. e5 dxe5 17. fxe5 Nxe5 18. Bxh6 Rxh6 19. Qxe5 {0-1 (44) Predke,A (2682)-Vachier Lagrave,M (2761) Belgrade 2022} *

[Event "MPL 41st IND-ch Teams 2022"]
[Site "Jalgaon"]
[Date "2022.04.12"]
[Round "8.1"]
[White "Sharma, Dinesh K."]
[Black "Vignesh N R"]
[Result "0-1"]
[ECO "B96"]
[WhiteElo "2283"]
[BlackElo "2444"]
[Annotator "TA"]
[PlyCount "64"]
[EventDate "2022.04.08"]
[EventType "team-tourn"]
[EventCountry "IND"]
[SourceTitle "playchess.com"]
[Source "ChessBase"]
[SourceQuality "1"]
[TimeControl "5400+30"]

1. e4 c5 2. Nf3 d6 3. d4 cxd4 4. Nxd4 Nf6 5. Nc3 a6 6. Bg5 e6 7. f4 h6 8. Bh4 Qb6 9. Qd2 Qxb2 10. Rb1 Qa3 11. e5 (11. f5 $11) 11... dxe5 $15 {[%emt 0:00:47] B97: Sicilian Najdorf: Poisoned Pawn.} 12. fxe5 Nd5 {[%emt 0:00:12] 12...Nfd7 is a critical line.} ({Black should play} 12... Nfd7 $1 $17 {aiming for ...Bb4.} 13. Be2 Be7 14. Bxe7 Qxe7) 13. Nxd5 $11 exd5 {[%emt 0:00:02] White has an edge.} 14. e6 Bxe6 (14... fxe6 15. Bd3 g5 16. Rb3 $1 $18) 15. Rxb7 {[%emt 0:09:52] Hoping for Be2.} Nd7 {[%emt 0:02:22] [#]} 16. Nxe6 $146 (16. Bb5 $5 Bc5 17. Nxe6 axb5 18. Nxc5 (18. Nxg7+ Kf8 $11) 18... Qxc5 19. Qe2+ Kf8 20. Rxd7 Qb4+ 21. Kd1 Qd4+ 22. Kc1 Qa1+ 23. Kd2 Qd4+ 24. Qd3 Qxh4 25. Rf1 $14 (25. Qxd5 Qg5+ 26. Kc3 Qf6+ 27. Kb3 Rc8 $14)) ({Predecessor:} 16. Bb5 axb5 17. Nxb5 Be7 18. Nxa3 Bxh4+ 19. g3 Bg5 20. Qb4 Be7 21. Qb5 Rxa3 22. O-O Bc5+ 23. Kh1 O-O 24. Rxd7 Bxd7 25. Qxc5 Rxa2 26. Qxd5 Be6 27. Qd3 Ra4 {½-½ (27) Hovhannisyan,R (2610)-Andriasian,Z (2610) Jermuk 2013}) 16... fxe6 17. Bd3 Be7 18. Bxe7 (18. Bg6+ $11 {keeps the balance.} Kd8 19. Bxe7+ Kxe7 20. Qd4) 18... Kxe7 $17 19. O-O {[%emt 0:01:42] Qe3 is the strong threat.} Rab8 {[%emt 0:08:19] Chess con chili.} 20. Ra7 ({White should try} 20. Rb3 $15 Qd6 21. Qe2 (21. Qf2 Rbf8 $17)) 20... Qc5+ 21. Qf2 Qxf2+ 22. Rxf2 {[%emt 0:00:37] [#]} (22. Kxf2 $17 Ra8 23. Rb7) 22... Ra8 $1 $19 23. Rb7 (23. Rxa8 {keeps fighting.} Rxa8 24. Rf4) 23... Rhb8 24. Rxb8 Rxb8 25. Bxa6 {[%emt 0:00:59][%mdl 4096] Endgame KRB-KRN} Ra8 26. Bb5 Rxa2 27. c3 Ra3 28. Rc2 Nc5 29. Bf1 Ne4 30. c4 d4 {[%emt 0:00:01][%cal Bd5d4,Bd4d3,Bd3d2][%mdl 32] Black is clearly winning.} 31. c5 (31. Re2 $142 Nc5 32. g3) 31... d3 32. Rc1 d2 {[%emt 0:00:06] Weighted Error Value: White=0.66/Black=0.18 (very precise)} 0-1